 Dungeon Crawl Stone Soup version 0.29.1-12-g30fa7ad0bf (webtiles) character file.

Game seed: 7468814928137622612

1791 EarthwalkerPL the Shield-Bearer (level 9, -1/39 (48) HPs)
             Began as a Vine Stalker Fighter on Dec 31, 2022.
             Was a Priest of Okawaru.
             Slain by a wight
             ... wielding a +3 flail
              (7 damage)
             ... on level 8 of the Dungeon.
             The game lasted 00:06:49 (3666 turns).

EarthwalkerPL the Shield-Bearer (VSFi)              Turns: 3666, Time: 00:06:50

HP:   -1/39 (48)    AC: 11    Str: 24    XL:     9   Next: 8%
MP:   0/10          EV:  9    Int:  8    God:    Okawaru [***...]
Gold: 285           SH:  5    Dex: 13    Spells: 8/8 levels left

rFire   . . .      SeeInvis .   a - +0 war axe
rCold   . . .      Faith    .   c - +0 buckler
rNeg    . . .      Spirit   +   b - +0 scale mail
rPois   .          Reflect  .   (no helmet)
rElec   .          Harm     .   q - scarf {repulsion}
rCorr   .          Rampage  .   (no gloves)
Will    +....                   (no boots)
Stlth   ..........              (no amulet)
HPRegen 0.93/turn               z - +4 ring of protection
MPRegen 0.12/turn               (no ring)

@: heavily drained, repel missiles
A: fangs 3, regeneration 1, magic shield, antimagic bite, no potion heal 2
a: Renounce Religion, Heroism


You were on level 8 of the Dungeon.
You worshipped Okawaru.
Okawaru was most pleased with you.
You visited 1 branch of the dungeon, and saw 8 of its levels.

You collected 285 gold pieces.

Inventory:

Hand Weapons
 a - a +0 war axe (weapon)
Armour
 b - a +0 scale mail (worn)
 c - a +0 buckler (worn)
 q - a scarf of repulsion (worn)
 A - a +2 chain mail of fire resistance
 B - a +0 kite shield
Jewellery
 z - a +4 ring of protection (left hand)
Wands
 C - a wand of polymorph (8)
Scrolls
 f - 3 scrolls of fear {unknown}
 g - a scroll of teleportation {unknown}
 j - 3 scrolls of fog {unknown}
 k - 5 scrolls of identify {unknown}
 l - 2 scrolls of blinking {unknown}
 p - a scroll of noise {unknown}
 r - 2 scrolls of immolation {unknown}
 s - a scroll of enchant weapon {unknown}
 v - a scroll of torment {unknown}
 y - 2 scrolls of brand weapon {unknown}
 D - a scroll of amnesia {unknown}
Potions
 d - 4 potions of might
 e - a potion of heal wounds {unknown}
 h - 2 potions of mutation {unknown}
 i - 4 potions of attraction {unknown}
 m - a potion of brilliance {unknown}
 n - 3 potions of flight {unknown}
 o - 2 potions of curing {unknown}
 t - 3 potions of haste {unknown}
 u - a potion of magic {unknown}
 w - 2 potions of lignification {unknown}
 x - a potion of degeneration {unknown}


   Skills:
 + Level 5.9 Fighting
 + Level 5.4 Axes
 + Level 5.3 Armour
 + Level 5.9 Shields


You had 8 spell levels left.
You didn't know any spells.
Your spell library contained the following spells:

 Spells                   Type           Power      Damage    Failure   Level
 Poisonous Vapours        Pois/Air       0%         N/A       89%         2
 Corpse Rot               Necr/Pois/Air  0%         N/A       100%        4


Dungeon Overview and Level Annotations

Branches:
Dungeon (8/15)
 Temple: D:4-7         Lair: D:8-11

Altars:
Okawaru
Uskayaw

Shops:
D:1 *   D:5 ?:(?

Annotations:
D:1 2 transporters
D:5 1 runed translucent door, Kirpich's ghost, novice VSCj


Innate Abilities, Weirdness & Mutations

You have razor-sharp teeth.
Your natural rate of healing is unusually fast.
When hurt, damage is shared between your health and your magic reserves.
Your bite disrupts and absorbs the magic of your enemies.
Potions cannot restore your health.


Message History

Found a pair of gloves.
You now have 275 gold pieces (gained 15).
Found 5 poisoned darts.
k - 5 scrolls labelled QAUBRU NEESIHA (gained 1)
Found a stone staircase leading up.
D - a scroll labelled BAXZIRCHYEVI
There is a stone staircase leading up here.
You now have 285 gold pieces (gained 10).
Found 5 stones.
i - 4 dark potions (gained 1)
A wight comes into view. It is wielding a +3 flail.
A wight is nearby! 2 wights come into view.
The wight moves out of view.
The wight hits you with a +3 flail!
You feel drained.
You hit the wight but do no damage. The wight hits you with a +3 flail!
You feel drained.
The wight hits you from afar with a +0 trident.
You feel drained. The wight hits you but does no damage.
You hit the wight but do no damage.
The wight hits you from afar with a +0 trident.
The wight hits you but does no damage.
You are too injured to fight recklessly!
You are too injured to fight recklessly!
You are too injured to fight recklessly!
Unknown command.
You hit the wight.
The wight is moderately damaged.
You barely miss the wight.
The wight hits you with a +0 morningstar.
The wight barely misses you. The wight hits you with a +3 flail!
* * * LOW HITPOINT WARNING * * *
You feel drained. The wight attacks as you move away!
The wight hits you with a +3 flail.
* * * LOW HITPOINT WARNING * * *
You feel drained.
* * * LOW HITPOINT WARNING * * *
The wight attacks as you move away! You block the wight's attack.
The wight attacks as you move away! The wight hits you with a +3 flail!
You die...

#......................###....
.........................###...
..............#............#...
..............#.##....# #....##
.................#....# #......
###..................# #....#.
#..............##.... #...##.
#........##................###
####.....#...@.(..##.#.##...
#........zzz..### ## #....#
...............# #.....
#..............# ......
...##............ .####.
......!........... .. #..
.....###.......... .... ##.
..... ........... ..... #. ....
........#. #.... #.


You could see 3 wights.

Vanquished Creatures
  A steam dragon (D:6)
  2 ice beasts
  3 ogres
  A centaur (D:7)
  3 phantoms
  2 bullfrogs
  A kobold brigand (D:7)
  A necrophage (D:5)
  A gnoll sergeant (D:7)
  4 scorpions
  A jelly (D:5)
  An iguana (D:5)
  8 gnolls
  4 adders
  4 white imps
  3 ufetubi
  2 worms
  8 orcs (D:7)
  2 ball pythons
  6 bats
  4 endoplasms
  3 giant cockroaches
  5 goblins
  6 hobgoblins
  12 kobolds
  5 quokkas
  3 frilled lizards
  6 rats
102 creatures vanquished.

Vanquished Creatures (others)
  A water moccasin (D:6)
  21 plants (D:2)
22 creatures vanquished.

Grand Total: 124 creatures vanquished

Notes
Turn   | Place    | Note
-------+----------+-------------------------------------------
     0 | D:1      | EarthwalkerPL the Vine Stalker Fighter began the quest for
                  | the Orb.
     0 | D:1      | Reached XP level 1. HP: 11/11 MP: 2/2
   329 | D:1      | Reached XP level 2. HP: 16/16 MP: 3/3
   410 | D:1      | Found Vaqid's General Store.
   431 | D:2      | Found an iron altar of Okawaru.
   442 | D:2      | Became a worshipper of Warmaster Okawaru
   570 | D:2      | Reached XP level 3. HP: 20/20 MP: 4/4
   854 | D:2      | Gained mutation: Your natural rate of healing is unusually
                  | fast. [Vine Stalker growth]
   854 | D:2      | Reached XP level 4. HP: 24/24 MP: 5/5
  1424 | D:3      | Reached XP level 5. HP: 28/28 MP: 6/6
  1559 | D:3      | Found an iron altar of Okawaru.
  1694 | D:4      | Noticed a phantom
  1702 | D:4      | Killed a phantom
  1727 | D:5      | Entered Level 5 of the Dungeon
  1727 | D:5      | Noticed a phantom
  1740 | D:5      | Killed a phantom
  1740 | D:5      | Reached * piety under Okawaru
  1741 | D:5      | Reached XP level 6. HP: 30/33 MP: 5/7
  1845 | D:5      | Reached XP level 7. HP: 35/37 MP: 5/8
  1925 | D:5      | Found a runed translucent door.
  1954 | D:5      | Found Suehueve's Magic Scroll Boutique.
  1991 | D:5      | Found Iqoured's Book Emporium.
  2016 | D:5      | Reached ** piety under Okawaru
  2223 | D:5      | Found Xoamiucs's Antique Weapon Boutique.
  2240 | D:5      | Noticed Kirpich's ghost (novice VSCj)
  2256 | D:5      | Found Dyamiun's Magic Scroll Boutique.
  2262 | D:5      | Gained mutation: You have razor-sharp teeth. [Vine Stalker
                  | growth]
  2262 | D:5      | Reached XP level 8. HP: 41/42 MP: 7/9
  2319 | D:6      | Found a hide-covered altar of Uskayaw.
  2454 | D:6      | Reached skill level 5 in Fighting
  2454 | D:6      | Reached skill level 5 in Shields
  3001 | D:6      | Reached *** piety under Okawaru
  3112 | D:7      | Reached skill level 5 in Axes
  3112 | D:7      | Reached skill level 5 in Armour
  3224 | D:7      | Identified the +8 dagger of Rasolun {pain, rC++ Will+ Dex-2
                  | SInv}
  3389 | D:7      | Reached XP level 9. HP: 45/48 MP: 10/10
  3666 | D:8      | Slain by a wight

Illustrated notes

Levels and vault maps discovered:
D:1:      spicycebolla_arrival_transporter_tutorial, layout_basic, serial_shops,
          nicolae_diamond_shop, minivault_4, serial_bayou_pond_a
D:2:      wad_woods_tower, layout_rooms, basic_altar, serial_bayou_pond_b,
          st_stairs_13, minivault_11, minmay_pentomino_o2
D:3:      layout_basic, nicolae_overflow_hidden_temple, minmay_hedge_maze
D:4:      layout_loops_corners, minmay_temple_entry_gardened_gates,
          serial_demonic, serial_demonic_a, serial_demonic_a, serial_demonic_c,
          serial_demonic_e
D:5:      layout_basic, ebering_ghost_sewer_d, serial_shops,
          nicolae_shop_window_shopping, nicolae_diamond_shop, shop, shop,
          minmay_misc_feat_more_columns
D:6:      layout_cave_pods, overflow_temple_1_default,
          eino_small_chamber_without_monster
D:7:      layout_rooms
D:8:      layout_cave_pools

Skill      XL: |  1  2  3  4  5  6  7  8 |
---------------+-------------------------+-----
Axes           | 2 3 4 5 |  5.4
Shields        | 3 4 5 |  5.9
Fighting       | 3 4 5 |  5.9
Armour         | 3 4 5 |  5.3

Action                   |  1- 3 |  4- 6 |  7- 9 || total
-------------------------+-------+-------+-------++-------
Melee: War axe           |    67 |    65 |   142 ||   274
       Bite              |    16 |    18 |    42 ||    76
Armor: Scale mail        |    30 |    20 |    90 ||   140
Dodge: Dodged            |    37 |    40 |    80 ||   157
       Repelled          |       |     1 |     2 ||     3
Block: Buckler           |    17 |    21 |    39 ||    77
